Connexion

EDMONTON Oilers vs MINNESOTA Wild

Created - 5 avril 2024 at 05:45

Goals
1 2 3 T
EDMONTON Oilers 1 1 0 2
MINNESOTA Wild 1 3 2 6
Shots
1 2 3 T
EDMONTON Oilers 17 13 11 41
MINNESOTA Wild 5 10 12 27

GoalsPenalties
1st period
1. EDMONTON Oilers , Rasmus Sandin 10 (Jack Quinn 14, Dylan Strome 26) at 3:28
2. MINNESOTA Wild , Nick Bjugstad 29 (Kyle Connor 62, Ryan Murray 46) at 4:26
No Penalty
2nd period
3. EDMONTON Oilers , Roman Josi 26 (Nikolaj Ehlers 61, Mitch Marner 51) at 8:20 (PP)
4. MINNESOTA Wild , Jordan Eberle 41 (Mike Matheson 42, Kyle Connor 63) at 11:06
5. MINNESOTA Wild , Frank Vatrano 29 (Ryan Murray 47) at 11:58
6. MINNESOTA Wild , Nick Bjugstad 30 (Ryan Murray 48, Jordan Eberle 46) at 17:44
Victor Hedman (MIN) for Hooking (Minor) at 7:14
3rd period
7. MINNESOTA Wild , Jordan Greenway 9 (Viktor Arvidsson 31, Bryan Little 21) at 7:50
8. MINNESOTA Wild , Jordan Eberle 42 (Kyle Connor 64, Mike Matheson 43) at 11:10
Mike Matheson (MIN) for Holding (Minor) at 1:08
Roman Josi (EDM) for Tripping (Minor) at 15:19
Jordan Greenway (MIN) for Delaying the game (Minor) at 17:32
Alexander Romanov (EDM) for Roughing (Minor) at 17:32
Goalie Stats
Mike Smith (EDM), 10 saves from 14 shots - (0,714), L, 11-10-0, 37:44 minutes
Kyle Keyser (EDM), 11 saves from 13 shots - (0,846), 22:16 minutes
Igor Shesterkin (MIN), 39 saves from 41 shots - (0,951), W, 32-20-9, 60:00 minutes
3 StarsOfficial
1 - Jordan Eberle (MIN)
2 - Nick Bjugstad (MIN)
3 - Ryan Murray (MIN)
Referees : Wes McCauley and Rob Shick
Linesman : Jay Sharrers and Brian Mach
Game Note
Nico Hischier is injured at 0:06 of 2nd period (Sprained Left Finger)
Kyle Keyser enters game at 17:44 of 2nd period
Finance
Level 1 -- Attendance: 5590 (93,17%) -- Ticket Income $614,900
Level 2 -- Attendance: 5064 (100,00%) -- Ticket Income $354,480
Level 3 -- Attendance: 1907 (95,35%) -- Ticket Income $85,815
Level 4 -- Attendance: 4000 (100,00%) -- Ticket Income $120,000
Luxury Box -- Attendance: 996 (99,60%) -- Ticket Income $249,000
Game was played at the Xcel Energy Center.
Total Attendance: 17557 (97,19%)
Total Ticket Income: $1,424,195
Other Income: $284,839
Total Income: $1,709,034



Team Name Goals Shots Shots Attemp Shots Blocked PIM HIT PP PK FO%
EDMONTON Oilers 2417964141 / 2 (50%)056%
MINNESOTA Wild 62761166180 / 1 (0%)144%

EDMONTON Oilers
Player Name POS G A P +/- PIM HIT SHT SB MP PP MP PP SHT PK MP PK SHT FO% FOT
Alexander RomanovD000-1201214:520:0000:3400% 0
Arthur KaliyevRW000-1012018:451:5400:0000% 1
Casey CizikasC000-1021014:091:1100:00055% 22
Clayton KellerC/LW/RW000-1005019:191:5410:34050% 26
Colton ParaykoD000-3001019:551:5400:0000% 0
Dylan StromeC011-1003115:090:0000:00063% 24
Evander KaneC/LW/RW000-1042020:101:5401:25050% 2
Jack QuinnRW011-1001015:080:0000:3400% 0
Mackenzie EntwistleRW000-200003:240:0000:0000% 2
Mike AmadioC/LW/RW000-1003014:060:0000:0000% 0
Mitch MarnerRW011-1026019:471:1110:0000% 0
Nico HischierC000000117:050:0000:00071% 7
Nikolaj EhlersLW011-30010025:361:1111:25060% 5
Oliver Ekman-LarssonD000-3010220:521:5401:2500% 0
Rasmus SandinD101-1011014:530:0000:3400% 0
Roman Josi D101-1221024:141:1110:0000% 0
Tony DeAngeloD000-1013025:121:1111:2500% 0
Yegor SharangovichC/LW000-200003:240:0000:00075% 4
MINNESOTA Wild
Player Name POS G A P +/- PIM HIT SHT SB MP PP MP PP SHT PK MP PK SHT FO% FOT
Brent BurnsD0002020321:530:5002:1600% 0
Bryan LittleC/RW0111000013:270:0000:00053% 15
Casey FitzgeraldD0000011013:240:0001:1000% 0
Danton HeinenC/LW/RW0000013018:571:0910:000100% 2
Frank VatranoC/LW/RW1010024018:571:0900:00035% 23
Jordan EberleC/RW2134004021:530:5002:23038% 26
Jordan GreenwayLW/RW1011212013:480:0000:2200% 1
Kevin RooneyC000000000:000:0000:0000% 0
Kyle ConnorLW0334013126:350:5002:23045% 11
Marko DanoC/LW/RW000000004:420:0000:0000% 1
Mike MathesonD0222210120:420:5001:0600% 0
Nick BjugstadC/RW2024024018:290:5000:20067% 3
Ryan MurrayD0333021625:531:0900:4900% 0
Scott LaughtonC/LW000000204:420:0000:00050% 6
Tyler ToffoliLW/RW0000011019:361:0900:200100% 1
Victor HedmanD0003220425:521:0900:4900% 0
Victor MeteD0000010112:140:0000:0000% 0
Viktor ArvidssonLW/RW0111012013:490:0000:22050% 4



Play-by-Play

1st period


0:01 of 1st period - Nico Hischier wins face-off versus Jordan Eberle in neutral zone.
0:20 of 1st period - Shot by Nikolaj Ehlers.
0:20 of 1st period - Shot Blocked by Ryan Murray.
0:22 of 1st period - Shot by Mitch Marner.
0:22 of 1st period - Stopped by Igor Shesterkin without a rebound.
0:23 of 1st period - Frank Vatrano wins face-off versus Clayton Keller in MINNESOTA Wild zone.
0:39 of 1st period - Off-side.
0:40 of 1st period - Dylan Strome wins face-off versus Bryan Little in neutral zone.
0:45 of 1st period - Shot by Alexander Romanov.
0:45 of 1st period - Stopped by Igor Shesterkin without a rebound.
0:46 of 1st period - Scott Laughton wins face-off versus Mackenzie Entwistle in MINNESOTA Wild zone.
0:59 of 1st period - Shot by Scott Laughton.
0:59 of 1st period - Stopped by Mike Smith without a rebound.
1:00 of 1st period - Dylan Strome wins face-off versus Bryan Little in EDMONTON Oilers zone.
1:30 of 1st period - Shot by Mike Amadio.
1:30 of 1st period - Shot Misses the Net.
1:32 of 1st period - Shot by Jack Quinn.
1:32 of 1st period - Deflect By Dylan Strome.
1:32 of 1st period - Shot Misses the Net.
1:34 of 1st period - Shot by Rasmus Sandin.
1:34 of 1st period - Shot Misses the Net.
2:05 of 1st period - Shot by Mitch Marner.
2:05 of 1st period - Shot Misses the Net.
2:07 of 1st period - Shot by Nikolaj Ehlers.
2:07 of 1st period - Stopped by Igor Shesterkin with a rebound.
3:19 of 1st period - Shot by Jordan Eberle.
3:19 of 1st period - Stopped by Mike Smith without a rebound.
3:20 of 1st period - Dylan Strome wins face-off versus Frank Vatrano in EDMONTON Oilers zone.
3:20 of 1st period - Dylan Strome is hit by Frank Vatrano.
3:28 of 1st period - Shot by Rasmus Sandin.
3:28 of 1st period - Goal by Rasmus Sandin - EDMONTON Oilers : 1 - MINNESOTA Wild : 0.
3:29 of 1st period - Frank Vatrano wins face-off versus Dylan Strome in neutral zone.
3:32 of 1st period - Shot by Mike Matheson.
3:32 of 1st period - Shot Blocked by Alexander Romanov.
3:35 of 1st period - Icing by Alexander Romanov.
3:36 of 1st period - Frank Vatrano wins face-off versus Dylan Strome in EDMONTON Oilers zone.
3:56 of 1st period - Shot by Dylan Strome.
3:56 of 1st period - Stopped by Igor Shesterkin without a rebound.
3:57 of 1st period - Jordan Eberle wins face-off versus Clayton Keller in MINNESOTA Wild zone.
4:06 of 1st period - Shot by Arthur Kaliyev.
4:06 of 1st period - Stopped by Igor Shesterkin with a rebound.
4:26 of 1st period - Shot by Nick Bjugstad.
4:26 of 1st period - Goal by Nick Bjugstad - EDMONTON Oilers : 1 - MINNESOTA Wild : 1.
4:27 of 1st period - Danton Heinen wins face-off versus Nico Hischier in neutral zone.
4:38 of 1st period - Shot by Frank Vatrano.
4:38 of 1st period - Shot Misses the Net.
5:12 of 1st period - Shot by Nico Hischier.
5:12 of 1st period - Stopped by Igor Shesterkin with a rebound.
5:14 of 1st period - Shot by Mitch Marner.
5:14 of 1st period - Shot Blocked by Brent Burns.
5:57 of 1st period - Shot by Clayton Keller.
5:57 of 1st period - Shot Misses the Net.
6:38 of 1st period - Shot by Jack Quinn.
6:38 of 1st period - Stopped by Igor Shesterkin without a rebound.
6:39 of 1st period - Yegor Sharangovich wins face-off versus Viktor Arvidsson in MINNESOTA Wild zone.
8:28 of 1st period - Shot by Evander Kane.
8:28 of 1st period - Stopped by Igor Shesterkin without a rebound.
8:29 of 1st period - Nico Hischier wins face-off versus Frank Vatrano in MINNESOTA Wild zone.
8:36 of 1st period - Shot by Mitch Marner.
8:36 of 1st period - Shot Misses the Net.
8:44 of 1st period - Shot by Tony DeAngelo.
8:44 of 1st period - Shot Misses the Net.
9:35 of 1st period - Off-side.
9:36 of 1st period - Clayton Keller wins face-off versus Jordan Eberle in neutral zone.
9:39 of 1st period - Jordan Eberle is hit by Arthur Kaliyev and loses puck.
9:45 of 1st period - Clayton Keller is hit by Brent Burns and loses puck.
10:33 of 1st period - Mike Amadio is hit by Kyle Connor and loses puck.
10:56 of 1st period - Shot by Bryan Little.
10:56 of 1st period - Shot Blocked by Dylan Strome.
11:04 of 1st period - Shot by Bryan Little.
11:04 of 1st period - Shot Misses the Net.
11:06 of 1st period - Shot by Viktor Arvidsson.
11:06 of 1st period - Stopped by Mike Smith without a rebound.
11:07 of 1st period - Nico Hischier wins face-off versus Frank Vatrano in EDMONTON Oilers zone.
12:03 of 1st period - Shot by Colton Parayko.
12:03 of 1st period - Shot Misses the Net.
12:05 of 1st period - Shot by Arthur Kaliyev.
12:05 of 1st period - Deflect By Clayton Keller.
12:05 of 1st period - Stopped by Igor Shesterkin without a rebound.
12:06 of 1st period - Dylan Strome wins face-off versus Jordan Greenway in MINNESOTA Wild zone.
12:07 of 1st period - Shot by Mike Amadio.
12:07 of 1st period - Stopped by Igor Shesterkin without a rebound.
12:08 of 1st period - Clayton Keller wins face-off versus Bryan Little in MINNESOTA Wild zone.
12:11 of 1st period - Shot by Evander Kane.
12:11 of 1st period - Shot Blocked by Ryan Murray.
12:13 of 1st period - Shot by Colton Parayko.
12:13 of 1st period - Stopped by Igor Shesterkin without a rebound.
12:14 of 1st period - Kyle Connor wins face-off versus Clayton Keller in MINNESOTA Wild zone.
12:14 of 1st period - Kyle Connor is hit by Evander Kane.
12:43 of 1st period - Icing by Colton Parayko.
12:44 of 1st period - Bryan Little wins face-off versus Clayton Keller in EDMONTON Oilers zone.
12:44 of 1st period - Bryan Little is hit by Oliver Ekman-Larsson.
13:27 of 1st period - Shot by Nico Hischier.
13:27 of 1st period - Shot Misses the Net.
13:29 of 1st period - Shot by Mitch Marner.
13:29 of 1st period - Deflect By Nikolaj Ehlers.
13:29 of 1st period - Stopped by Igor Shesterkin without a rebound.
13:30 of 1st period - Dylan Strome wins face-off versus Jordan Eberle in MINNESOTA Wild zone.
14:13 of 1st period - Shot by Nick Bjugstad.
14:13 of 1st period - Shot Blocked by Alexander Romanov.
14:55 of 1st period - Danton Heinen is hit by Rasmus Sandin and loses puck.
15:17 of 1st period - Icing by Brent Burns.
15:18 of 1st period - Nico Hischier wins face-off versus Bryan Little in MINNESOTA Wild zone.
15:32 of 1st period - Nikolaj Ehlers is hit by Mike Matheson and loses puck.
16:03 of 1st period - Bryan Little is hit by Tony DeAngelo and loses puck.
16:32 of 1st period - Shot by Nick Bjugstad.
16:32 of 1st period - Deflect By Kyle Connor.
16:32 of 1st period - Shot Misses the Net.
16:34 of 1st period - Shot by Ryan Murray.
16:34 of 1st period - Stopped by Mike Smith with a rebound.
16:48 of 1st period - Ryan Murray is hit by Mitch Marner and loses puck.
17:13 of 1st period - Casey Fitzgerald is hit by Evander Kane and loses puck.
18:06 of 1st period - Shot by Jack Quinn.
18:06 of 1st period - Shot Misses the Net.
18:08 of 1st period - Shot by Mike Amadio.
18:08 of 1st period - Stopped by Igor Shesterkin without a rebound.
18:09 of 1st period - Bryan Little wins face-off versus Mackenzie Entwistle in MINNESOTA Wild zone.
18:11 of 1st period - Icing by Viktor Arvidsson.
18:12 of 1st period - Bryan Little wins face-off versus Dylan Strome in MINNESOTA Wild zone.
18:16 of 1st period - Icing by Viktor Arvidsson.
18:17 of 1st period - Dylan Strome wins face-off versus Bryan Little in MINNESOTA Wild zone.
18:35 of 1st period - Off-side.
18:36 of 1st period - Jordan Eberle wins face-off versus Evander Kane in neutral zone.
18:36 of 1st period - Ryan Murray is hit by Evander Kane and loses puck.
18:41 of 1st period - Shot by Evander Kane.
18:41 of 1st period - Shot Blocked by Ryan Murray.
18:43 of 1st period - Shot by Arthur Kaliyev.
18:43 of 1st period - Stopped by Igor Shesterkin without a rebound.
18:44 of 1st period - Clayton Keller wins face-off versus Jordan Eberle in MINNESOTA Wild zone.
18:51 of 1st period - Shot by Clayton Keller.
18:51 of 1st period - Stopped by Igor Shesterkin without a rebound.
18:52 of 1st period - Nico Hischier wins face-off versus Jordan Eberle in MINNESOTA Wild zone.
18:57 of 1st period - Shot by Mitch Marner.
18:57 of 1st period - Shot Blocked by Victor Hedman.
19:29 of 1st period - Shot by Nikolaj Ehlers.
19:29 of 1st period - Stopped by Igor Shesterkin with a rebound.
19:31 of 1st period - Shot by Nico Hischier.
19:31 of 1st period - Shot Blocked by Victor Hedman.
19:33 of 1st period - Shot by Nico Hischier.
19:33 of 1st period - Shot Blocked by Kyle Connor.
19:49 of 1st period - Icing by Oliver Ekman-Larsson.
19:50 of 1st period - Frank Vatrano wins face-off versus Clayton Keller in EDMONTON Oilers zone.
Goals for this period are 1 for EDMONTON Oilers vs 1 for MINNESOTA Wild .
Shots for this period are 17 for EDMONTON Oilers vs 5 for MINNESOTA Wild .

2nd period


0:01 of 2nd period - Jordan Eberle wins face-off versus Nico Hischier in neutral zone.
0:04 of 2nd period - Shot by Kyle Connor.
0:04 of 2nd period - Shot Misses the Net.
0:06 of 2nd period - Shot by Nick Bjugstad.
0:06 of 2nd period - Shot Blocked by Nico Hischier.
0:06 of 2nd period - Nico Hischier from EDMONTON Oilers is injured at 0:06 of 2nd period (Sprained Left Finger).
0:07 of 2nd period - Casey Cizikas wins face-off versus Jordan Eberle in EDMONTON Oilers zone.
0:13 of 2nd period - Mitch Marner is hit by Victor Hedman and loses puck.
0:16 of 2nd period - Shot by Nikolaj Ehlers.
0:16 of 2nd period - Stopped by Igor Shesterkin with a rebound.
2:45 of 2nd period - Roman Josi is hit by Viktor Arvidsson.
4:19 of 2nd period - Off-side.
4:20 of 2nd period - Dylan Strome wins face-off versus Frank Vatrano in neutral zone.
4:39 of 2nd period - Shot by Tyler Toffoli.
4:39 of 2nd period - Stopped by Mike Smith without a rebound.
4:40 of 2nd period - Bryan Little wins face-off versus Casey Cizikas in EDMONTON Oilers zone.
4:47 of 2nd period - Shot by Viktor Arvidsson.
4:47 of 2nd period - Stopped by Mike Smith with a rebound.
5:21 of 2nd period - Shot by Casey Fitzgerald.
5:21 of 2nd period - Stopped by Mike Smith without a rebound.
5:22 of 2nd period - Clayton Keller wins face-off versus Frank Vatrano in EDMONTON Oilers zone.
5:33 of 2nd period - Off-side.
5:34 of 2nd period - Jordan Eberle wins face-off versus Dylan Strome in neutral zone.
5:46 of 2nd period - Shot by Dylan Strome.
5:46 of 2nd period - Shot Blocked by Brent Burns.
5:48 of 2nd period - Shot by Mike Amadio.
5:48 of 2nd period - Stopped by Igor Shesterkin without a rebound.
5:49 of 2nd period - Frank Vatrano wins face-off versus Clayton Keller in MINNESOTA Wild zone.
6:39 of 2nd period - Icing by Ryan Murray.
6:40 of 2nd period - Casey Cizikas wins face-off versus Frank Vatrano in MINNESOTA Wild zone.
6:40 of 2nd period - Casey Cizikas is hit by Victor Hedman.
7:09 of 2nd period - Shot by Tony DeAngelo.
7:09 of 2nd period - Shot Misses the Net.
7:11 of 2nd period - Shot by Casey Cizikas.
7:11 of 2nd period - Shot Misses the Net.
7:13 of 2nd period - Shot by Casey Cizikas.
7:13 of 2nd period - Stopped by Igor Shesterkin with a rebound.
7:14 of 2nd period - Minor Penalty to Victor Hedman for Hooking.
7:15 of 2nd period - Clayton Keller wins face-off versus Kyle Connor in MINNESOTA Wild zone.
8:10 of 2nd period - Shot by Roman Josi .
8:10 of 2nd period - Shot Misses the Net.
8:16 of 2nd period - Shot by Nikolaj Ehlers.
8:16 of 2nd period - Shot Hit the Post.
8:18 of 2nd period - Shot by Roman Josi .
8:18 of 2nd period - Shot Blocked by Brent Burns.
8:20 of 2nd period - Shot by Roman Josi .
8:20 of 2nd period - Goal by Roman Josi - EDMONTON Oilers : 2 - MINNESOTA Wild : 1.
8:21 of 2nd period - Dylan Strome wins face-off versus Bryan Little in neutral zone.
8:40 of 2nd period - Mike Amadio is hit by Casey Fitzgerald and loses puck.
9:12 of 2nd period - Icing by Alexander Romanov.
9:13 of 2nd period - Dylan Strome wins face-off versus Frank Vatrano in EDMONTON Oilers zone.
9:32 of 2nd period - Shot by Frank Vatrano.
9:32 of 2nd period - Shot Misses the Net.
9:46 of 2nd period - Shot by Danton Heinen.
9:46 of 2nd period - Stopped by Mike Smith without a rebound.
9:47 of 2nd period - Jordan Eberle wins face-off versus Casey Cizikas in EDMONTON Oilers zone.
9:50 of 2nd period - Shot by Kyle Connor.
9:50 of 2nd period - Deflect By Nick Bjugstad.
9:50 of 2nd period - Shot Misses the Net.
9:53 of 2nd period - Icing by Tony DeAngelo.
9:54 of 2nd period - Jordan Eberle wins face-off versus Casey Cizikas in EDMONTON Oilers zone.
10:05 of 2nd period - Shot by Nikolaj Ehlers.
10:05 of 2nd period - Deflect By Mitch Marner.
10:05 of 2nd period - Stopped by Igor Shesterkin without a rebound.
10:06 of 2nd period - Frank Vatrano wins face-off versus Clayton Keller in MINNESOTA Wild zone.
10:18 of 2nd period - Shot by Tyler Toffoli.
10:18 of 2nd period - Shot Misses the Net.
10:20 of 2nd period - Shot by Ryan Murray.
10:20 of 2nd period - Shot Misses the Net.
10:22 of 2nd period - Shot by Frank Vatrano.
10:22 of 2nd period - Stopped by Mike Smith without a rebound.
10:23 of 2nd period - Casey Cizikas wins face-off versus Jordan Eberle in EDMONTON Oilers zone.
11:02 of 2nd period - Shot by Kyle Connor.
11:02 of 2nd period - Shot Misses the Net.
11:04 of 2nd period - Shot by Mike Matheson.
11:04 of 2nd period - Shot Misses the Net.
11:06 of 2nd period - Shot by Jordan Eberle.
11:06 of 2nd period - Goal by Jordan Eberle - EDMONTON Oilers : 2 - MINNESOTA Wild : 2.
11:07 of 2nd period - Clayton Keller wins face-off versus Frank Vatrano in neutral zone.
11:24 of 2nd period - Shot by Clayton Keller.
11:24 of 2nd period - Stopped by Igor Shesterkin with a rebound.
11:35 of 2nd period - Icing by Victor Hedman.
11:36 of 2nd period - Dylan Strome wins face-off versus Frank Vatrano in MINNESOTA Wild zone.
11:45 of 2nd period - Mike Amadio is hit by Danton Heinen and loses puck.
11:58 of 2nd period - Shot by Frank Vatrano.
11:58 of 2nd period - Goal by Frank Vatrano - EDMONTON Oilers : 2 - MINNESOTA Wild : 3.
11:59 of 2nd period - Casey Cizikas wins face-off versus Jordan Eberle in neutral zone.
12:09 of 2nd period - Icing by Brent Burns.
12:10 of 2nd period - Clayton Keller wins face-off versus Jordan Eberle in MINNESOTA Wild zone.
12:24 of 2nd period - Off-side.
12:25 of 2nd period - Nikolaj Ehlers wins face-off versus Viktor Arvidsson in neutral zone.
12:30 of 2nd period - Shot by Nikolaj Ehlers.
12:30 of 2nd period - Shot Blocked by Ryan Murray.
12:32 of 2nd period - Shot by Casey Cizikas.
12:32 of 2nd period - Shot Misses the Net.
12:34 of 2nd period - Shot by Mitch Marner.
12:34 of 2nd period - Stopped by Igor Shesterkin without a rebound.
12:35 of 2nd period - Jordan Eberle wins face-off versus Casey Cizikas in MINNESOTA Wild zone.
13:00 of 2nd period - Shot by Nikolaj Ehlers.
13:00 of 2nd period - Stopped by Igor Shesterkin with a rebound.
13:02 of 2nd period - Shot by Tony DeAngelo.
13:02 of 2nd period - Stopped by Igor Shesterkin without a rebound.
13:03 of 2nd period - Clayton Keller wins face-off versus Frank Vatrano in MINNESOTA Wild zone.
13:28 of 2nd period - Shot by Frank Vatrano.
13:28 of 2nd period - Stopped by Mike Smith without a rebound.
13:29 of 2nd period - Casey Cizikas wins face-off versus Jordan Eberle in EDMONTON Oilers zone.
13:38 of 2nd period - Shot by Nikolaj Ehlers.
13:38 of 2nd period - Stopped by Igor Shesterkin without a rebound.
13:39 of 2nd period - Casey Cizikas wins face-off versus Kyle Connor in MINNESOTA Wild zone.
14:00 of 2nd period - Shot by Mitch Marner.
14:00 of 2nd period - Stopped by Igor Shesterkin with a rebound.
14:02 of 2nd period - Shot by Nikolaj Ehlers.
14:02 of 2nd period - Shot Misses the Net.
14:36 of 2nd period - Icing by Casey Cizikas.
14:37 of 2nd period - Casey Cizikas wins face-off versus Frank Vatrano in EDMONTON Oilers zone.
14:37 of 2nd period - Casey Cizikas is hit by Frank Vatrano.
15:26 of 2nd period - Arthur Kaliyev is hit by Brent Burns and loses puck.
15:57 of 2nd period - Dylan Strome is hit by Tyler Toffoli and loses puck.
16:08 of 2nd period - Shot by Dylan Strome.
16:08 of 2nd period - Shot Blocked by Mike Matheson.
16:12 of 2nd period - Shot by Mike Amadio.
16:12 of 2nd period - Deflect By Dylan Strome.
16:12 of 2nd period - Shot Misses the Net.
16:29 of 2nd period - Jack Quinn is hit by Ryan Murray and loses puck.
16:44 of 2nd period - Off-side.
16:45 of 2nd period - Bryan Little wins face-off versus Casey Cizikas in neutral zone.
16:54 of 2nd period - Tony DeAngelo is hit by Victor Mete and loses puck.
17:08 of 2nd period - Shot by Nikolaj Ehlers.
17:08 of 2nd period - Stopped by Igor Shesterkin without a rebound.
17:09 of 2nd period - Jordan Eberle wins face-off versus Yegor Sharangovich in MINNESOTA Wild zone.
17:24 of 2nd period - Shot by Kyle Connor.
17:24 of 2nd period - Shot Misses the Net.
17:30 of 2nd period - Shot by Jordan Eberle.
17:30 of 2nd period - Shot Misses the Net.
17:40 of 2nd period - Shot by Jordan Eberle.
17:40 of 2nd period - Shot Misses the Net.
17:42 of 2nd period - Shot by Ryan Murray.
17:42 of 2nd period - Shot Misses the Net.
17:44 of 2nd period - Shot by Nick Bjugstad.
17:44 of 2nd period - Goal by Nick Bjugstad - EDMONTON Oilers : 2 - MINNESOTA Wild : 4.
17:44 of 2nd period - Kyle Keyser enters game.
17:45 of 2nd period - Viktor Arvidsson wins face-off versus Clayton Keller in neutral zone.
18:01 of 2nd period - Shot by Clayton Keller.
18:01 of 2nd period - Shot Misses the Net.
18:03 of 2nd period - Shot by Arthur Kaliyev.
18:03 of 2nd period - Deflect By Clayton Keller.
18:03 of 2nd period - Shot Misses the Net.
18:05 of 2nd period - Shot by Tony DeAngelo.
18:05 of 2nd period - Shot Blocked by Victor Mete.
18:07 of 2nd period - Shot by Tony DeAngelo.
18:07 of 2nd period - Stopped by Igor Shesterkin without a rebound.
18:08 of 2nd period - Dylan Strome wins face-off versus Marko Dano in MINNESOTA Wild zone.
18:13 of 2nd period - Shot by Jack Quinn.
18:13 of 2nd period - Shot Blocked by Ryan Murray.
18:16 of 2nd period - Icing by Victor Hedman.
18:17 of 2nd period - Clayton Keller wins face-off versus Scott Laughton in MINNESOTA Wild zone.
18:23 of 2nd period - Icing by Victor Hedman.
18:24 of 2nd period - Scott Laughton wins face-off versus Casey Cizikas in MINNESOTA Wild zone.
18:43 of 2nd period - Shot by Marko Dano.
18:43 of 2nd period - Shot Misses the Net.
18:45 of 2nd period - Shot by Marko Dano.
18:45 of 2nd period - Deflect By Kyle Connor.
18:45 of 2nd period - Stopped by Kyle Keyser without a rebound.
18:46 of 2nd period - Bryan Little wins face-off versus Clayton Keller in EDMONTON Oilers zone.
Goals for this period are 1 for EDMONTON Oilers vs 3 for MINNESOTA Wild .
Shots for this period are 13 for EDMONTON Oilers vs 10 for MINNESOTA Wild .

3rd period


0:01 of 3rd period - Casey Cizikas wins face-off versus Jordan Eberle in neutral zone.
0:18 of 3rd period - Kyle Connor is hit by Casey Cizikas and loses puck.
1:00 of 3rd period - Off-side.
1:01 of 3rd period - Clayton Keller wins face-off versus Frank Vatrano in neutral zone.
1:08 of 3rd period - Minor Penalty to Mike Matheson for Holding.
1:09 of 3rd period - Clayton Keller wins face-off versus Kyle Connor in MINNESOTA Wild zone.
1:21 of 3rd period - Icing by Oliver Ekman-Larsson.
1:22 of 3rd period - Kyle Connor wins face-off versus Clayton Keller in EDMONTON Oilers zone.
1:39 of 3rd period - Jordan Greenway is hit by Evander Kane and loses puck.
1:50 of 3rd period - Shot by Clayton Keller.
1:50 of 3rd period - Stopped by Igor Shesterkin without a rebound.
1:51 of 3rd period - Casey Cizikas wins face-off versus Kyle Connor in MINNESOTA Wild zone.
1:52 of 3rd period - Shot by Nikolaj Ehlers.
1:52 of 3rd period - Stopped by Igor Shesterkin with a rebound.
1:54 of 3rd period - Shot by Mitch Marner.
1:54 of 3rd period - Shot Blocked by Victor Hedman.
1:56 of 3rd period - Shot by Tony DeAngelo.
1:56 of 3rd period - Stopped by Igor Shesterkin without a rebound.
1:57 of 3rd period - Kyle Connor wins face-off versus Casey Cizikas in MINNESOTA Wild zone.
1:57 of 3rd period - Kyle Connor is hit by Mitch Marner.
2:37 of 3rd period - Shot by Mitch Marner.
2:37 of 3rd period - Stopped by Igor Shesterkin without a rebound.
2:38 of 3rd period - Kyle Connor wins face-off versus Clayton Keller in MINNESOTA Wild zone.
2:56 of 3rd period - Icing by Oliver Ekman-Larsson.
2:57 of 3rd period - Nick Bjugstad wins face-off versus Clayton Keller in EDMONTON Oilers zone.
3:01 of 3rd period - Icing by Oliver Ekman-Larsson.
3:02 of 3rd period - Kyle Connor wins face-off versus Arthur Kaliyev in EDMONTON Oilers zone.
3:05 of 3rd period - Shot by Jordan Eberle.
3:05 of 3rd period - Shot Misses the Net.
4:28 of 3rd period - Icing by Ryan Murray.
4:29 of 3rd period - Bryan Little wins face-off versus Dylan Strome in MINNESOTA Wild zone.
4:46 of 3rd period - Shot by Dylan Strome.
4:46 of 3rd period - Stopped by Igor Shesterkin without a rebound.
4:47 of 3rd period - Yegor Sharangovich wins face-off versus Jordan Eberle in MINNESOTA Wild zone.
5:02 of 3rd period - Shot by Nikolaj Ehlers.
5:02 of 3rd period - Stopped by Igor Shesterkin without a rebound.
5:03 of 3rd period - Clayton Keller wins face-off versus Scott Laughton in MINNESOTA Wild zone.
5:14 of 3rd period - Shot by Marko Dano.
5:14 of 3rd period - Shot Misses the Net.
5:16 of 3rd period - Shot by Scott Laughton.
5:16 of 3rd period - Shot Misses the Net.
5:26 of 3rd period - Shot by Scott Laughton.
5:26 of 3rd period - Stopped by Kyle Keyser without a rebound.
5:27 of 3rd period - Frank Vatrano wins face-off versus Casey Cizikas in EDMONTON Oilers zone.
5:41 of 3rd period - Off-side.
5:42 of 3rd period - Clayton Keller wins face-off versus Jordan Eberle in neutral zone.
5:42 of 3rd period - Tony DeAngelo is hit by Nick Bjugstad.
6:08 of 3rd period - Kyle Connor is hit by Roman Josi and loses puck.
6:12 of 3rd period - Jordan Eberle is hit by Roman Josi and loses puck.
7:21 of 3rd period - Icing by Casey Cizikas.
7:22 of 3rd period - Bryan Little wins face-off versus Casey Cizikas in EDMONTON Oilers zone.
7:50 of 3rd period - Shot by Jordan Greenway.
7:50 of 3rd period - Goal by Jordan Greenway - EDMONTON Oilers : 2 - MINNESOTA Wild : 5.
7:51 of 3rd period - Evander Kane wins face-off versus Frank Vatrano in neutral zone.
8:09 of 3rd period - Off-side.
8:10 of 3rd period - Dylan Strome wins face-off versus Scott Laughton in neutral zone.
9:01 of 3rd period - Icing by Rasmus Sandin.
9:02 of 3rd period - Tyler Toffoli wins face-off versus Dylan Strome in EDMONTON Oilers zone.
10:48 of 3rd period - Shot by Arthur Kaliyev.
10:48 of 3rd period - Deflect By Evander Kane.
10:48 of 3rd period - Stopped by Igor Shesterkin without a rebound.
10:49 of 3rd period - Yegor Sharangovich wins face-off versus Jordan Eberle in MINNESOTA Wild zone.
10:58 of 3rd period - Shot by Kyle Connor.
10:58 of 3rd period - Shot Blocked by Oliver Ekman-Larsson.
11:00 of 3rd period - Shot by Nick Bjugstad.
11:00 of 3rd period - Stopped by Kyle Keyser with a rebound.
11:02 of 3rd period - Shot by Mike Matheson.
11:02 of 3rd period - Shot Misses the Net.
11:04 of 3rd period - Shot by Jordan Eberle.
11:04 of 3rd period - Shot Misses the Net.
11:08 of 3rd period - Shot by Kyle Connor.
11:08 of 3rd period - Shot Misses the Net.
11:10 of 3rd period - Shot by Jordan Eberle.
11:10 of 3rd period - Goal by Jordan Eberle - EDMONTON Oilers : 2 - MINNESOTA Wild : 6.
11:11 of 3rd period - Scott Laughton wins face-off versus Clayton Keller in neutral zone.
11:16 of 3rd period - Shot by Kyle Connor.
11:16 of 3rd period - Stopped by Kyle Keyser with a rebound.
11:39 of 3rd period - Off-side.
11:40 of 3rd period - Dylan Strome wins face-off versus Frank Vatrano in neutral zone.
12:21 of 3rd period - Icing by Mike Matheson.
12:22 of 3rd period - Casey Cizikas wins face-off versus Frank Vatrano in MINNESOTA Wild zone.
12:29 of 3rd period - Shot by Mitch Marner.
12:29 of 3rd period - Stopped by Igor Shesterkin without a rebound.
12:30 of 3rd period - Jordan Eberle wins face-off versus Casey Cizikas in MINNESOTA Wild zone.
12:37 of 3rd period - Shot by Jordan Eberle.
12:37 of 3rd period - Stopped by Kyle Keyser without a rebound.
12:38 of 3rd period - Casey Cizikas wins face-off versus Jordan Eberle in EDMONTON Oilers zone.
12:38 of 3rd period - Casey Cizikas is hit by Nick Bjugstad.
12:55 of 3rd period - Mitch Marner is hit by Ryan Murray and loses puck.
13:06 of 3rd period - Kyle Connor is hit by Casey Cizikas and loses puck.
13:23 of 3rd period - Shot by Roman Josi .
13:23 of 3rd period - Shot Misses the Net.
13:57 of 3rd period - Shot by Tyler Toffoli.
13:57 of 3rd period - Shot Misses the Net.
13:59 of 3rd period - Shot by Victor Mete.
13:59 of 3rd period - Deflect By Danton Heinen.
13:59 of 3rd period - Stopped by Kyle Keyser with a rebound.
14:03 of 3rd period - Shot by Tyler Toffoli.
14:03 of 3rd period - Shot Misses the Net.
14:05 of 3rd period - Shot by Frank Vatrano.
14:05 of 3rd period - Stopped by Kyle Keyser without a rebound.
14:06 of 3rd period - Viktor Arvidsson wins face-off versus Dylan Strome in EDMONTON Oilers zone.
14:11 of 3rd period - Shot by Jordan Greenway.
14:11 of 3rd period - Stopped by Kyle Keyser without a rebound.
14:12 of 3rd period - Dylan Strome wins face-off versus Bryan Little in EDMONTON Oilers zone.
14:46 of 3rd period - Jack Quinn is hit by Jordan Greenway and loses puck.
14:56 of 3rd period - Icing by Dylan Strome.
14:57 of 3rd period - Jordan Eberle wins face-off versus Dylan Strome in EDMONTON Oilers zone.
15:06 of 3rd period - Shot by Mike Amadio.
15:06 of 3rd period - Shot Misses the Net.
15:19 of 3rd period - Minor Penalty to Roman Josi for Tripping.
15:20 of 3rd period - Frank Vatrano wins face-off versus Nikolaj Ehlers in EDMONTON Oilers zone.
15:23 of 3rd period - Shot by Tyler Toffoli.
15:23 of 3rd period - Shot Misses the Net.
15:25 of 3rd period - Shot by Danton Heinen.
15:25 of 3rd period - Stopped by Kyle Keyser with a rebound.
15:27 of 3rd period - Shot by Frank Vatrano.
15:27 of 3rd period - Shot Blocked by Oliver Ekman-Larsson.
15:35 of 3rd period - Shot by Victor Hedman.
15:35 of 3rd period - Shot Misses the Net.
15:37 of 3rd period - Shot by Ryan Murray.
15:37 of 3rd period - Shot Misses the Net.
17:08 of 3rd period - Shot by Ryan Murray.
17:08 of 3rd period - Shot Misses the Net.
17:10 of 3rd period - Shot by Ryan Murray.
17:10 of 3rd period - Shot Misses the Net.
17:32 of 3rd period - Minor Penalty to Jordan Greenway for Delaying the game.
17:32 of 3rd period - Minor Penalty to Alexander Romanov for Roughing.
17:33 of 3rd period - Casey Cizikas wins face-off versus Kyle Connor in neutral zone.
17:44 of 3rd period - Shot by Dylan Strome.
17:44 of 3rd period - Shot Misses the Net.
18:00 of 3rd period - Shot by Kyle Connor.
18:00 of 3rd period - Stopped by Kyle Keyser without a rebound.
18:01 of 3rd period - Nikolaj Ehlers wins face-off versus Kyle Connor in EDMONTON Oilers zone.
18:18 of 3rd period - Shot by Roman Josi .
18:18 of 3rd period - Shot Blocked by Ryan Murray.
18:20 of 3rd period - Shot by Tony DeAngelo.
18:20 of 3rd period - Shot Blocked by Victor Hedman.
18:22 of 3rd period - Shot by Nikolaj Ehlers.
18:22 of 3rd period - Stopped by Igor Shesterkin without a rebound.
18:23 of 3rd period - Nick Bjugstad wins face-off versus Nikolaj Ehlers in MINNESOTA Wild zone.
18:29 of 3rd period - Shot by Nick Bjugstad.
18:29 of 3rd period - Stopped by Kyle Keyser without a rebound.
18:30 of 3rd period - Nikolaj Ehlers wins face-off versus Jordan Eberle in EDMONTON Oilers zone.
19:19 of 3rd period - Shot by Dylan Strome.
19:19 of 3rd period - Stopped by Igor Shesterkin without a rebound.
19:20 of 3rd period - Dylan Strome wins face-off versus Nick Bjugstad in MINNESOTA Wild zone.
19:50 of 3rd period - Shot by Clayton Keller.
19:50 of 3rd period - Stopped by Igor Shesterkin without a rebound.
19:51 of 3rd period - Danton Heinen wins face-off versus Dylan Strome in MINNESOTA Wild zone.
Goals for this period are 0 for EDMONTON Oilers vs 2 for MINNESOTA Wild .
Shots for this period are 11 for EDMONTON Oilers vs 12 for MINNESOTA Wild .